Map: Cyber Forest LE

Players

goblin

  • Race: Protoss Protoss
  • Spawn Location: 11:00

BratOK (Brat_OK) - Winner!

  • Race: Terran Terran
  • Spawn Location: 5:00

Event: 2019 WCS Spring

VOD

Have the link to the VOD?

Description

Time

  • Played on: May 17, 2019, 10:41 a.m.
  • Length: 17:42

All games in this series

Show
View Real Time Build Order
Export as new Build Order

goblin Protoss 

Build Orders: 1 Gate Expand, Phoenix Opening, Colossus Rush 

Get SALT Encoding   

  12  0:00  Probe  
  13  0:12  Probe  
  14  0:18  Pylon  
  14  0:24  Probe  
  15  0:32  Probe  
  15  0:37  Gateway  
  15  0:40  Probe  
  16  0:46  Assimilator  
  17  0:51  Probe  
  18  1:03  Probe  
  19  1:15  Probe  
  20  1:24  Cybernetics Core  
  20  1:34  Nexus  
  19  1:42  Pylon  
  19  1:44  Probe  
  20  1:49  Assimilator  
  20  1:53  Probe, Adept  
  20  2:01  Probe  
  24  2:11  Probe  
  25  2:22  Stargate  
  25  2:23  Probe, Adept  
  28  2:32  Warp Gate  
  28  2:35  Probe  
  29  2:42  Probe  
  29  2:47  Probe  
  29  2:50  Probe  
  31  2:53  Adept  
  34  2:58  Phoenix  
  34  2:59  Probe  
  34  3:00  Probe  
  38  3:11  Probe  
  38  3:12  Probe  
  40  3:15  Pylon  
  40  3:20  Phoenix  
  40  3:23  Probe  
  40  3:24  Probe  
  44  3:27  Assimilator  
  44  3:30  Assimilator  
  44  3:35  Probe  
  44  3:36  Probe  
  44  3:40  Robotics Facility  
  46  3:47  Probe  
  47  3:48  Probe  
  47  3:51  Phoenix  
  50  3:59  Probe  
  51  4:04  Probe  
  50  4:11  Pylon  
  50  4:12  Probe  
  50  4:16  Phoenix, Probe  
  53  4:17  Pylon  
  54  4:28  Observer  
  54  4:29  Nexus, Probe  
  54  4:30  Probe  
  56  4:33  Pylon  
  50  4:46  Probe  
  50  4:47  Probe  
  50  4:54  Observer  
  50  4:55  Probe  
  50  4:56  Phoenix  
  50  4:58  Robotics Bay, Probe  
  55  5:01  Adept  
  53  5:11  Probe  
  53  5:13  Observer, Probe  
  55  5:16  Observer  
  55  5:21  Phoenix  
  57  5:23  Probe  
  57  5:25  Probe  
  59  5:29  Adept  
  59  5:34  Colossus  
  61  5:36  Probe  
  61  5:38  Probe x2  
  64  5:44  Probe  
  64  5:46  Probe  
  70  5:50  Phoenix, Probe  
  74  5:59  Extended Thermal Lance  
  74  6:08  Probe x2, Pylon  
  76  6:14  Zealot  
  76  6:15  Phoenix  
  80  6:20  Probe x3  
  80  6:21  Observer  
  80  6:22  Pylon  
  80  6:23  Assimilator  
  80  6:25  Assimilator  
  83  6:28  Gateway  
  83  6:31  Gateway  
  83  6:32  Probe  
  85  6:35  Sentry  
  85  6:36  Probe  
  85  6:38  Observer, Colossus  
  88  6:40  Phoenix  
  90  6:48  Observer, Probe  
  90  6:49  Observer  
  90  6:51  Probe x2  
  99  6:55  Pylon  
  99  6:58  Observer  
  99  6:59  Probe  
  99  7:02  Pylon  
  99  7:03  Probe x2  
  99  7:05  Phoenix  
  104  7:10  Probe  
  104  7:12  Sentry  
  107  7:19  Forge  
  107  7:20  Twilight Council  
  107  7:21  Observer  
  107  7:22  Colossus  
  107  7:23  Observer  
  107  7:30  Phoenix  
  107  7:34  Observer  
  115  7:38  Observer  
  115  7:42  Probe x2  
  115  7:43  Pylon  
  116  7:48  Stalker x2  
  116  7:49  Zealot  
  122  7:51  Observer  
  122  7:55  Pylon  
  122  7:56  Charge  
  122  7:57  Protoss Ground Weapons Level 1  
  122  7:58  Pylon  
  122  8:08  Probe x2  
  122  8:09  Observer  
  124  8:18  Zealot x3  
  130  8:22  Gateway  
  130  8:23  Gateway  
  130  8:25  Observer, Gateway x2  
  130  8:26  Gateway  
  130  8:30  Nexus  
  130  8:32  Gravitic Drive, Pylon  
  131  8:38  Warp Prism  
  131  8:43  Zealot x2  
  131  8:45  Probe x2  
  139  8:58  Observer, Phoenix  
  139  9:00  Zealot  
  143  9:04  Templar Archives  
  143  9:05  Pylon  
  142  9:10  Zealot x2, Forge  
  142  9:14  Observer  
  147  9:24  Blink  
  147  9:29  Zealot  
  147  9:30  Probe  
  150  9:31  Assimilator  
  150  9:32  Assimilator  
  150  9:34  Psionic Storm  
  150  9:37  Pylon  
  150  9:38  Zealot x2  
  150  9:39  Zealot x5  
  164  9:46  Protoss Ground Armor Level 1  
  134  10:04  Zealot  
  134  10:05  Zealot x7  
  124  10:12  Phoenix, Immortal  
  102  10:20  Observer  
  88  10:26  Zealot x7  
  88  10:28  Zealot  
  107  10:46  Immortal  
  107  10:48  High Templar x3  
  107  10:49  High Templar  
  115  10:50  High Templar x4  
  115  10:55  Archon  
  115  10:56  Archon  
  127  11:01  Protoss Ground Weapons Level 2  
  127  11:24  Observer, High Templar x3  
  127  11:25  Zealot x4, High Templar  
  143  11:30  Archon  
  143  11:31  Archon  
  143  11:37  Gateway  
  143  11:38  Gateway  
  143  11:40  Gateway  
  143  11:41  Gateway  
  143  11:43  Pylon  
  143  11:45  Observer, Pylon  
  142  11:52  Zealot x3  
  142  11:53  Zealot  
  150  11:56  Immortal  
  148  12:05  Protoss Ground Armor Level 2  
  152  12:09  Zealot x4  
  152  12:12  Observer  
  158  12:19  Stalker x4  
  166  12:25  Warp Prism  
  166  12:27  Probe x2  
  168  12:30  Nexus  
  168  12:31  Observer, Pylon  
  168  12:33  Pylon  
  170  12:39  Stalker x6  
  182  12:46  Zealot  
  184  12:58  Observer  
  184  13:01  Warp Prism  
  184  13:10  Zealot x4  
  192  13:34  Zealot x4  
  192  13:39  Observer  
  165  13:51  High Templar x4  
  165  13:52  Zealot x4  
  125  14:02  Immortal  
  121  14:10  Zealot  
  121  14:11  Zealot x3  
  121  14:16  Protoss Ground Weapons Level 3  
  129  14:21  Zealot x2  
  129  14:22  Zealot x2  
  129  14:23  Zealot x4  
  129  14:24  Observer  
  142  14:32  Immortal  
  142  14:33  Protoss Ground Armor Level 3  
  142  14:37  Zealot  
  142  14:38  Zealot x3  
  148  14:54  Zealot x5  
  148  14:55  Zealot x2  
  162  15:03  Zealot x4  
  169  15:15  Zealot x2  
  169  15:16  Stalker  
  169  15:17  Stalker x3  
  145  15:32  Zealot x4  
  125  15:45  High Templar x4  
  125  15:46  High Templar x2  
  125  15:48  Observer  
  137  15:50  Archon x2  
  137  15:51  Archon  
  138  16:02  Observer  
  111  16:11  High Templar x4  
  111  16:15  Immortal  
  113  16:25  Zealot x7  
  123  16:42  Stalker x2, Zealot, Warp Prism  
  123  16:43  Zealot x2  
  123  16:44  Zealot x3  
  140  16:55  Zealot x2  
  140  16:56  Zealot x2  
  148  17:09  Zealot  
  148  17:10  Zealot x5  
  148  17:13  Observer  
  158  17:21  Zealot x3  
  158  17:22  Zealot x2  
Show
View Real Time Build Order
Export as new Build Order

BratOK Terran - Winner!

Build Orders:  

Get SALT Encoding   

  12  0:00  SCV  
  13  0:12  SCV  
  14  0:17  Supply Depot  
  14  0:25  SCV  
  15  0:39  SCV  
  15  0:40  Barracks  
  16  0:44  Refinery  
  16  0:51  SCV  
  17  1:03  SCV  
  18  1:15  SCV  
  19  1:27  Orbital Command, Barracks Reactor  
  19  1:42  Command Center  
  19  1:50  Supply Depot  
  19  1:54  SCV  
  20  2:03  Marine x2  
  20  2:06  SCV  
  23  2:13  Factory  
  23  2:18  SCV  
  23  2:21  Marine x2  
  26  2:30  SCV  
  26  2:39  Marine x2  
  26  2:42  SCV  
  29  2:54  Orbital Command  
  29  2:56  SCV  
  30  3:04  Barracks Tech Lab  
  30  3:05  Widow Mine x2  
  34  3:08  SCV  
  34  3:12  Supply Depot  
  35  3:20  SCV x2  
  35  3:22  Marine  
  38  3:28  Command Center  
  42  3:34  Hellion x2  
  42  3:36  SCV  
  42  3:40  Stimpack, Marine  
  44  3:44  SCV  
  45  3:48  SCV  
  45  3:49  Supply Depot  
  50  3:55  Hellion  
  50  3:56  Hellion  
  50  4:00  SCV  
  49  4:05  SCV  
  49  4:09  Marine  
  51  4:13  SCV  
  52  4:17  SCV  
  52  4:18  Widow Mine  
  52  4:21  Widow Mine  
  54  4:25  SCV  
  54  4:27  Supply Depot  
  54  4:30  Marine  
  56  4:32  SCV  
  56  4:33  Barracks  
  56  4:37  SCV, Barracks  
  58  4:44  SCV  
  57  4:46  Widow Mine  
  57  4:47  Widow Mine  
  57  4:49  SCV  
  56  4:55  Orbital Command  
  56  4:56  SCV  
  56  4:58  Refinery  
  56  4:59  Refinery  
  57  5:01  SCV, Engineering Bay  
  58  5:08  SCV  
  58  5:13  SCV  
  62  5:19  Marine  
  62  5:20  SCV  
  58  5:25  Starport  
  58  5:29  Factory Reactor  
  58  5:31  Barracks Tech Lab  
  58  5:34  Terran Infantry Weapons Level 1  
  58  5:38  Marine x2  
  58  5:39  Marauder  
  58  5:40  SCV x2  
  58  5:41  SCV  
  65  5:52  SCV  
  65  5:54  Supply Depot  
  65  5:56  Supply Depot  
  66  5:57  Orbital Command  
  66  5:58  SCV, Barracks  
  66  5:59  Barracks  
  66  6:03  Marauder x2, Marine x2  
  69  6:05  SCV  
  69  6:08  Refinery  
  70  6:12  Medivac x2  
  70  6:14  SCV  
  70  6:16  Factory Tech Lab  
  70  6:17  SCV  
  76  6:25  Missile Turret  
  76  6:28  SCV x2  
  76  6:29  SCV  
  76  6:32  Combat Shield  
  79  6:34  Marauder x2, Marine x2  
  85  6:40  SCV x2  
  85  6:42  SCV  
  84  6:50  Missile Turret  
  84  6:52  SCV x2  
  84  6:54  SCV  
  86  7:00  Medivac x2  
  90  7:04  SCV x2  
  90  7:06  SCV  
  90  7:08  Supply Depot, Refinery x2  
  93  7:09  Siege Tank, Barracks Reactor x2  
  93  7:10  Supply Depot  
  93  7:11  Marine  
  93  7:12  Marine  
  98  7:16  SCV  
  98  7:19  SCV x2  
  101  7:25  Supply Depot  
  101  7:29  Terran Infantry Armor Level 1  
  102  7:30  SCV  
  102  7:31  SCV x2  
  102  7:33  Marine x2  
  102  7:34  Marine  
  106  7:42  SCV  
  106  7:43  SCV x2  
  109  7:45  Barracks Reactor  
  109  7:47  Siege Tank  
  111  7:51  Factory  
  111  7:54  Armory  
  111  7:59  Viking x2  
  111  8:01  Engineering Bay  
  111  8:05  SCV x3  
  118  8:17  SCV x3  
  121  8:21  Siege Tank  
  121  8:22  Missile Turret, Command Center  
  121  8:25  Marine  
  121  8:26  Marine  
  125  8:28  Factory  
  125  8:38  Marine x2  
  125  8:40  Supply Depot  
  125  8:41  Supply Depot  
  125  8:42  Viking x2, Marine x2  
  125  8:44  Supply Depot  
  131  8:49  Siege Tank, Marine  
  131  8:50  Terran Infantry Weapons Level 2  
  131  8:52  Terran Vehicle Weapons Level 1  
  131  8:53  Siege Tank  
  131  8:54  SCV  
  131  8:55  SCV  
  138  9:01  Marine x4  
  142  9:04  Supply Depot  
  142  9:05  Supply Depot  
  142  9:16  Factory Tech Lab  
  142  9:20  Viking x2, Missile Turret  
  145  9:28  Supply Depot  
  145  9:37  Siege Tank x3  
  154  9:42  Supply Depot  
  154  9:46  Terran Infantry Armor Level 2  
  154  9:59  Marine x4  
  128  10:00  Marine x2  
  128  10:01  Marine x2  
  128  10:04  Marine  
  116  10:09  Siege Tank x2  
  110  10:17  Marine x4  
  110  10:18  SCV, Marine x2  
  115  10:22  Planetary Fortress, SCV x2, Marauder  
  115  10:28  Medivac, Siege Tank  
  122  10:29  Marine  
  122  10:34  SCV x3  
  128  10:41  Siege Tank  
  131  10:46  SCV  
  131  10:48  Siege Tank  
  135  10:51  SCV  
  135  10:52  SCV  
  135  10:55  Marine  
  135  10:56  Marine x8  
  146  11:05  Terran Vehicle Weapons Level 2  
  146  11:13  Command Center, Marine  
  146  11:14  Marine x3  
  150  11:24  Siege Tank  
  150  11:25  Siege Tank x2  
  158  11:30  Medivac  
  158  11:31  Medivac  
  162  11:33  Marine  
  162  11:34  Marine x3  
  166  11:48  Terran Infantry Weapons Level 3  
  152  12:03  Marine x7  
  152  12:04  Marine x2  
  159  12:13  Terran Infantry Armor Level 3  
  159  12:20  Sensor Tower  
  159  12:21  Marine x2  
  161  12:34  Barracks  
  161  12:37  Barracks  
  161  12:38  Barracks  
  161  12:39  Marine, Barracks  
  161  12:40  Marine  
  161  12:41  Barracks, Marine x7  
  170  12:46  Viking x2  
  170  12:51  Planetary Fortress  
  174  12:57  Marine x2  
  175  12:59  Marine x5  
  173  13:07  Siege Tank x3  
  173  13:08  Marine  
  183  13:14  Missile Turret  
  183  13:18  Marine  
  184  13:31  Command Center, Marine x4  
  184  13:43  Marine  
  184  13:44  Marine x2  
  158  13:51  Marine  
  158  13:52  Marine x3  
  158  13:54  Marine  
  158  13:55  Marine  
  135  14:01  Siege Tank x2  
  135  14:05  SCV  
  135  14:06  SCV x2  
  135  14:07  SCV x2  
  136  14:18  SCV, Siege Tank, Marine  
  136  14:19  Marine x2  
  136  14:22  SCV x2  
  145  14:26  SCV  
  145  14:29  Marine x4  
  150  14:33  Siege Tank  
  150  14:34  Marine  
  150  14:36  Marine  
  152  14:42  Marine  
  153  14:47  Marine  
  153  14:48  Viking  
  153  14:49  Viking  
  158  14:55  Missile Turret  
  158  15:05  Marine  
  159  15:09  SCV  
  159  15:10  SCV x2  
  159  15:11  Orbital Command  
  158  15:24  Marine  
  158  15:25  Siege Tank x2  
  147  15:35  Siege Tank  
  145  15:41  Marine  
  137  15:46  Marine  
  138  15:53  SCV x2  
  138  15:54  Medivac x2  
  138  15:55  Marine x6  
  147  15:57  Siege Tank x2  
  147  16:00  Marine  
  147  16:03  Marine  
  141  16:05  Marine  
  141  16:07  Siege Tank  
  141  16:09  Marine  
  138  16:12  Marine x3  
  136  16:19  Marine x2  
  136  16:24  Medivac x2  
  141  16:28  Marine  
  141  16:29  Siege Tank x2  
  148  16:36  Marine  
  148  16:37  Marine  
  148  16:38  Barracks Reactor, Marine x6  
  148  16:39  Marine x2, Barracks Reactor x2  
  157  16:46  Marine  
  159  16:54  Medivac, Marine  
  159  16:55  Marine  
  159  16:56  Marine x6  
  159  16:57  Marine x2  
  159  16:59  Command Center  
  171  17:03  Marine  
  172  17:12  Marine  
  172  17:13  Marine x3  
  172  17:14  Marine x4  
  172  17:15  Marine x2  
  181  17:17  Marine  
  181  17:18  Marine x5  
  181  17:21  Marine  
Tags
 
Add a new tag
Caveats
  • Supply blocks, unpowered buildings, or Contaminate may cause inaccurate times.
  • Supply counts are checked every 10 seconds.